[Event "Team 45 45 League T91"]
[Site "Internet Chess Club"]
[Date "2022.02.21"]
[Round "6"]
[White "primerpaso"]
[Black "HomerSimpson"]
[Result "1/2-1/2"]
[WhiteElo "1861"]
[BlackElo "2014"]
[Opening "English: Bremen, reverse dragon"]
[ECO "A22"]
[Time "14:13:08"]
[PlyCount "83"]
[TimeControl "2700+45"]

1. c4 e5 2. Nc3 Nf6 3. g3 d5 4. cxd5 Nxd5 5. Bg2 Nb6 6. Nf3 Nc6 7. O-O Be7 8. d3
O-O 9. Be3 Be6 10. Na4 Nd5 11. Bc5 f5 12. Rc1 Rb8 13. Bxe7 Qxe7 14. Nc5 Bf7 15.
Qd2 h6 16. Nh4 Nd4 17. e3 g5 18. exd4 gxh4 19. Qxh6 exd4 20. Rfe1 Qf6 21. Qxf6
Nxf6 22. Nxb7 Nd5 23. Re5 Rxb7 24. Rxd5 Rxb2 25. Rxf5 hxg3 26. hxg3 Bxa2 27.
Rg5+ Kh8 28. f4 Rf7 29. Rc6 Rb1+ 30. Kf2 Rb2+ 31. Kf3 Bb3 32. Bh3 Rh7 33. Bf5
Bd5+ 34. Be4 Bxc6 35. Bxc6 Re7 36. Be4 Rb6 37. Ra5 c6 38. g4 Rb5 39. Ra6 Rb6 40.
Ra5 Rb5 41. Ra6 Rb6 42. Ra5 {Game drawn by repetition} 1/2-1/2

[Event "Team 45 45 League T91"]
[Site "Internet Chess Club"]
[Date "2022.02.20"]
[Round "6"]
[White "Portola"]
[Black "ElValero"]
[Result "0-1"]
[WhiteElo "1678"]
[BlackElo "1729"]
[Opening "Dutch, 2.Bg5 variation"]
[ECO "A80"]
[Time "11:00:31"]
[PlyCount "58"]
[TimeControl "2700+45"]

1. d4 f5 2. Bg5 Nf6 3. Bxf6 exf6 4. e3 b6 5. Nf3 Bb7 6. Nbd2 Bd6 7. c3 Qe7 8.
Be2 f4 9. exf4 Bxf4 10. O-O Nc6 11. Re1 O-O-O 12. Bd3 Qf7 13. Qc2 g5 14. h3 g4
15. hxg4 h5 16. Bg6 Qg7 17. gxh5 Rdg8 18. g4 Bxd2 19. Qxd2 Ne7 20. Rxe7 Qxe7 21.
Re1 Qd6 22. Qe3 Qd5 23. Kg2 f5 24. g5 f4 25. Qd3 Qxg5+ 26. Kf1 Qg4 27. Be4 Qg2+
28. Ke2 Bxe4 29. Qxe4 Re8 {White resigns} 0-1

[Event "Team 45 45 League T91"]
[Site "Internet Chess Club"]
[Date "2022.02.19"]
[Round "6"]
[White "QuieroAprender"]
[Black "VictorRed"]
[Result "0-1"]
[WhiteElo "1615"]
[BlackElo "1682"]
[Opening "Queen's pawn, Mason variation"]
[ECO "D00"]
[Time "20:05:34"]
[PlyCount "66"]
[TimeControl "2700+45"]

1. d4 d5 2. Bf4 Nf6 3. Nd2 g6 4. e3 Bg7 5. Ngf3 O-O 6. c3 Nc6 7. Bd3 Nh5 8. Bg3
Nxg3 9. hxg3 e5 10. dxe5 Nxe5 11. Nxe5 Bxe5 12. Nf3 Bg7 13. Qc2 c5 14. O-O-O Bg4
15. Rh4 Qc8 16. Rdh1 h5 17. Nh2 c4 18. Bxg6 fxg6 19. Qxg6 Rf6 20. Qg5 Rf5 21.
Qg6 Rf6 22. Qc2 Bf5 23. Qe2 Bg6 24. g4 Bd3 25. Qd1 Rxf2 26. gxh5 Rc2+ 27. Qxc2
Bxc2 28. Kxc2 Qf5+ 29. Kc1 Kh7 30. g4 Qe4 31. Nf1 Bh6 32. R1h3 Bg5 33. Nd2 Qe7
{White resigns} 0-1

[Event "Team 45 45 League T91"]
[Site "Internet Chess Club"]
[Date "2022.02.18"]
[Round "6"]
[White "zethhon"]
[Black "julesraider"]
[Result "1-0"]
[WhiteElo "1470"]
[BlackElo "1510"]
[Opening "Queen's pawn: London system"]
[ECO "A45"]
[Time "07:24:54"]
[PlyCount "91"]
[TimeControl "2700+45"]

1. d4 Nf6 2. Bf4 d5 3. e3 e6 4. Nd2 c5 5. c3 Be7 6. Bd3 Nbd7 7. h3 O-O 8. Ngf3
b6 9. O-O Re8 10. Ne5 Nxe5 11. Bxe5 a5 12. Rc1 Ba6 13. Nf3 Bxd3 14. Qxd3 Ne4 15.
Nd2 c4 16. Qe2 Nxd2 17. Qxd2 f6 18. Bh2 Ra7 19. Rfe1 Bd6 20. e4 Bxh2+ 21. Kxh2
e5 22. dxe5 Rxe5 23. exd5 Rxd5 24. Re8+ Qxe8 25. Qxd5+ Qf7 26. Qd8+ Qf8 27. Qxb6
Rd7 28. Re1 Qd6+ 29. Qxd6 Rxd6 30. Re2 Kf7 31. g4 Kg6 32. Kg3 Rd3+ 33. f3 h5 34.
Re4 Rd2 35. Rxc4 Rxb2 36. Ra4 hxg4 37. hxg4 Rc2 38. c4 Rc3 39. Kf4 Kf7 40. Ke4
Ke6 41. f4 Rc1 42. Kd4 Rc2 43. Kd3 Rg2 44. f5+ Kd6 45. Ke3 Rxg4 46. c5+ {Black
resigns} 1-0

[Event "Team 45 45 League T91"]
[Site "Internet Chess Club"]
[Date "2022.02.20"]
[Round "6"]
[White "LookImYourVader"]
[Black "fileman"]
[Result "1-0"]
[WhiteElo "1771"]
[BlackElo "1819"]
[Opening "KP: Nimzovich defense"]
[ECO "B00"]
[Time "15:19:19"]
[PlyCount "31"]
[TimeControl "2700+45"]

1. e4 Nc6 2. Nf3 d6 3. d4 Nf6 4. Nc3 Bg4 5. d5 Nb8 6. Be2 e5 7. dxe6 fxe6 8. e5
Nfd7 9. Bg5 Qc8 10. exd6 cxd6 11. Nd4 Bxe2 12. Qxe2 e5 13. Ne6 Nc5 14. Nxf8 Kxf8
15. Qf3+ Kg8 16. Nd5 {Black resigns} 1-0

[Event "Team 45 45 League T91"]
[Site "Internet Chess Club"]
[Date "2022.02.19"]
[Round "6"]
[White "bobhill"]
[Black "CPTsopiens"]
[Result "1-0"]
[WhiteElo "1894"]
[BlackElo "1797"]
[Opening "Queen's pawn: Torre attack"]
[ECO "A46"]
[Time "10:30:49"]
[PlyCount "71"]
[TimeControl "2700+45"]

1. d4 Nf6 2. Nf3 e6 3. Bg5 Be7 4. Nbd2 d5 5. e3 Nbd7 6. Bd3 b6 7. O-O Bb7 8. c3
h6 9. Bh4 O-O 10. Ne5 Nxe5 11. dxe5 Nd7 12. Bxe7 Qxe7 13. f4 Nc5 14. Bc2 Ba6 15.
Rf3 f6 16. exf6 Rxf6 17. Rg3 e5 18. fxe5 Qxe5 19. Qg4 Qe7 20. b4 Nd7 21. a4 c5
22. b5 Ne5 23. Qe2 Bc8 24. Rf1 Rxf1+ 25. Qxf1 Be6 26. Qf4 Nf7 27. c4 Rf8 28.
cxd5 Bxd5 29. Qf5 Ng5 30. Qxd5+ Kh8 31. Qd3 Qf6 32. h4 Qf2+ 33. Kh2 Rf3 34. Nxf3
Nxf3+ 35. Rxf3 Qxh4+ 36. Kg1 {Black resigns} 1-0

[Event "Team 45 45 League T91"]
[Site "Internet Chess Club"]
[Date "2022.02.21"]
[Round "6"]
[White "Demachaeron"]
[Black "Rookmaster"]
[Result "0-1"]
[WhiteElo "1621"]
[BlackElo "1508"]
[Opening "King's pawn opening"]
[ECO "B07"]
[Time "20:03:08"]
[PlyCount "52"]
[TimeControl "2700+45"]

1. e4 d6 2. Nf3 Nf6 3. Nc3 e5 4. h3 Nbd7 5. Bc4 Be7 6. a3 c6 7. b4 Qc7 8. Bb2 h6
9. O-O g5 10. Re1 Nf8 11. d4 Ng6 12. dxe5 dxe5 13. b5 g4 14. hxg4 Bxg4 15. bxc6
bxc6 16. Qe2 Nh4 17. Red1 Rg8 18. Kh1 Qc8 19. Rd3 Nh5 20. Bxf7+ Kxf7 21. Nxe5+
Ke8 22. Nxg4 Nf4 23. Rg3 Nxe2 24. Nf6+ Kf7 25. Rxg8 Qb7 26. Rxa8 Qxb2 {White
resigns} 0-1

[Event "Team 45 45 League T91"]
[Site "Internet Chess Club"]
[Date "2022.02.17"]
[Round "6"]
[White "mongmong"]
[Black "filmdirector"]
[Result "1/2-1/2"]
[WhiteElo "1529"]
[BlackElo "1441"]
[Opening "Queen's pawn game"]
[ECO "D05"]
[Time "17:46:48"]
[PlyCount "83"]
[TimeControl "2700+45"]

1. d4 d5 2. Nf3 Nf6 3. e3 e6 4. Bd3 Nbd7 5. Nbd2 Bd6 6. O-O O-O 7. Qe2 e5 8.
dxe5 Nxe5 9. Nxe5 Bxe5 10. e4 Re8 11. f3 dxe4 12. fxe4 Ng4 13. Nf3 Bd6 14. h3
Ne5 15. Nxe5 Bxe5 16. Rb1 Qh4 17. Qf3 Be6 18. b3 a5 19. Bf4 Bd4+ 20. Be3 Bxe3+
21. Qxe3 a4 22. Rf4 Qg5 23. Kh2 axb3 24. axb3 Qe5 25. Qg3 g5 26. Rf2 Qxg3+ 27.
Kxg3 h5 28. Rf6 Kg7 29. Rbf1 Ra2 30. Bc4 Bxc4 31. bxc4 Re7 32. R1f2 Rxc2 33.
Rxf7+ Rxf7 34. Rxc2 Rf4 35. Rd2 h4+ 36. Kh2 Rxe4 37. Rd7+ Kf6 38. Rxc7 Re7 39.
Rc5 b6 40. Rb5 Re6 41. Kg1 Rc6 42. Kf2 {Game drawn by mutual agreement} 1/2-1/2

[Event "Team 45 45 League T91"]
[Site "Internet Chess Club"]
[Date "2022.02.21"]
[Round "6"]
[White "Tufnell"]
[Black "cyborg86"]
[Result "1/2-1/2"]
[WhiteElo "1913"]
[BlackElo "2300"]
[Opening "French: Tarrasch, closed variation, main line"]
[ECO "C06"]
[Time "14:17:45"]
[PlyCount "123"]
[TimeControl "2700+45"]

1. e4 e6 2. d4 d5 3. Nd2 Nf6 4. e5 Nfd7 5. c3 c5 6. Bd3 Nc6 7. Ne2 cxd4 8. cxd4
f6 9. exf6 Nxf6 10. O-O Bd6 11. Nf3 O-O 12. Bf4 Bxf4 13. Nxf4 Ng4 14. Qd2 Qf6
15. Nh5 Qh6 16. Qxh6 Nxh6 17. Ng3 a6 18. Rfe1 Nf7 19. Rac1 Bd7 20. Nf1 Rae8 21.
Ne3 Rc8 22. h3 g5 23. Ng4 Kg7 24. Rc3 h5 25. Nge5 Ncxe5 26. Nxe5 Nxe5 27. Rxe5
Kf6 28. Be2 Rxc3 29. bxc3 h4 30. Re3 Rc8 31. Bh5 Rc4 32. Bd1 Ba4 33. Bb3 Bxb3
34. axb3 Rc6 35. b4 b6 36. Kf1 a5 37. bxa5 bxa5 38. Ke2 Rb6 39. Kd3 Rb2 40. Rf3+
Ke7 41. g3 a4 42. gxh4 gxh4 43. Rf4 a3 44. Rxh4 a2 45. Rh7+ Kf6 46. Ra7 Rxf2 47.
Ke3 Rh2 48. Kf4 Rxh3 49. Rxa2 Rxc3 50. Ra8 Rd3 51. Ra4 Kg6 52. Ke5 Re3+ 53. Kd6
Kf5 54. Ra8 Rd3 55. Rf8+ Ke4 56. Kxe6 Rxd4 57. Rh8 Kd3 58. Ke5 Kc4 59. Rc8+ Kd3
60. Rc5 Ke3 61. Rxd5 Rxd5+ 62. Kxd5 {Game drawn because neither player has
mating material} 1/2-1/2

[Event "Team 45 45 League T91"]
[Site "Internet Chess Club"]
[Date "2022.02.19"]
[Round "6"]
[White "achessman"]
[Black "Sloggi"]
[Result "0-1"]
[WhiteElo "1834"]
[BlackElo "1929"]
[Opening "English: Caro-Kann defensive system"]
[ECO "A12"]
[Time "10:11:59"]
[PlyCount "52"]
[TimeControl "2700+45"]

1. Nf3 d5 2. c4 c6 3. b3 Nf6 4. g3 e6 5. Bg2 Be7 6. O-O O-O 7. d4 Nbd7 8. Nbd2
b6 9. Qc2 Bb7 10. e4 Rc8 11. Rd1 c5 12. e5 Ne8 13. Qd3 cxd4 14. Bb2 dxc4 15.
Nxc4 Bxf3 16. Bxf3 Rxc4 17. Qxc4 Nxe5 18. Qe2 Nxf3+ 19. Qxf3 e5 20. Qe4 Bd6 21.
Rac1 Nf6 22. Qb7 h5 23. h4 Ng4 24. Rc2 Qf6 25. Kg2 Qf5 26. Rdd2 Bb4 {White
resigns} 0-1

[Event "Team 45 45 League T91"]
[Site "Internet Chess Club"]
[Date "2022.02.19"]
[Round "6"]
[White "cadmiumorange"]
[Black "primerpaso"]
[Result "1/2-1/2"]
[WhiteElo "1804"]
[BlackElo "1854"]
[Opening "Richter-Veresov attack"]
[ECO "D01"]
[Time "14:00:27"]
[PlyCount "111"]
[TimeControl "2700+45"]

1. d4 Nf6 2. Nc3 d5 3. Bg5 Nbd7 4. f3 h6 5. Bh4 e6 6. e4 dxe4 7. fxe4 Be7 8. Nf3
Nxe4 9. Bxe7 Nxc3 10. Bxd8 Nxd1 11. Bxc7 Ne3 12. Bd3 O-O 13. Kd2 Nd5 14. Bd6 Re8
15. c4 N5f6 16. c5 Nd5 17. a3 N7f6 18. Ne5 Rd8 19. Rhf1 Bd7 20. b4 Be8 21. b5
Rac8 22. Rac1 Nh5 23. g3 g6 24. a4 Ng7 25. g4 g5 26. Be4 h5 27. Bxd5 exd5 28.
Be7 hxg4 29. Bxg5 f5 30. Bxd8 Rxd8 31. Ke3 Kh7 32. c6 bxc6 33. bxc6 Rc8 34. Kf4
Ne6+ 35. Kxf5 Nxd4+ 36. Kxg4 Nxc6 37. Nxc6 Bxc6 38. Kg5 Rg8+ 39. Kf6 Bxa4 40.
Rc7+ Kh6 41. Ra1 Rg6+ 42. Ke5 Bb3 43. Raxa7 Rg5+ 44. Kf4 Rg8 45. h4 Rf8+ 46. Ke5
Kh5 47. Rh7+ Kg4 48. Rag7+ Kh3 49. h5 Bc2 50. Rf7 Rg8 51. Rhg7 Rh8 52. Rf3+ Kh4
53. Rfg3 Rxh5+ 54. Kd4 Bf5 55. Rg1 Be4 56. R7g4+ {Game drawn by mutual
agreement} 1/2-1/2

[Event "Team 45 45 League T91"]
[Site "Internet Chess Club"]
[Date "2022.02.21"]
[Round "6"]
[White "jonesey"]
[Black "HomerSimpson"]
[Result "1/2-1/2"]
[WhiteElo "1888"]
[BlackElo "2008"]
[Opening "English: symmetrical, Botvinnik system"]
[ECO "B20"]
[Time "20:08:44"]
[PlyCount "91"]
[TimeControl "2700+45"]

1. e4 c5 2. c4 Nc6 3. Nc3 g6 4. g3 Bg7 5. Bg2 e6 6. Nge2 Nge7 7. d3 O-O 8. O-O
b6 9. Bg5 h6 10. Be3 Nd4 11. Rb1 Bb7 12. b4 d6 13. f4 Rc8 14. Kh1 Qd7 15. Qd2
Kh7 16. Bg1 Rfd8 17. Nxd4 cxd4 18. Nb5 Nc6 19. Qb2 e5 20. f5 a6 21. Na3 Na7 22.
f6 Bf8 23. h4 Rc7 24. Kh2 Bc8 25. Bf2 h5 26. Be1 Bh6 27. Bd2 Bxd2 28. Qxd2 Qa4
29. Rb3 Qe8 30. Rbb1 Be6 31. b5 a5 32. Nc2 Qf8 33. Ne1 Bg4 34. Nf3 Bxf3 35. Bxf3
Qh6 36. Qg5 Rh8 37. Rh1 Kg8 38. Rb2 Kf8 39. a4 Ke8 40. Kg1 Kd7 41. g4 Rcc8 42.
Qxh6 Rxh6 43. g5 Rhh8 44. Bg2 Kc7 45. Bh3 Rcd8 46. Rhh2 {Game drawn by mutual
agreement} 1/2-1/2

[Event "Team 45 45 League T91"]
[Site "Internet Chess Club"]
[Date "2022.02.18"]
[Round "6"]
[White "laurenpar"]
[Black "BRJAK0530"]
[Result "1/2-1/2"]
[WhiteElo "1930"]
[BlackElo "1857"]
[Opening "Nimzovich-Larsen attack: modern variation"]
[ECO "A01"]
[Time "21:02:32"]
[PlyCount "43"]
[TimeControl "2700+45"]

1. b3 e5 2. Bb2 Nc6 3. e3 Nf6 4. d3 d5 5. Nf3 Bd6 6. c4 O-O 7. Nbd2 d4 8. exd4
exd4 9. Nxd4 Nxd4 10. Bxd4 Bg4 11. f3 Bg3+ 12. hxg3 Qxd4 13. Ne4 Nxe4 14. dxe4
Qc3+ 15. Kf2 Rad8 16. Qc1 Qd4+ 17. Ke1 f5 18. Rh4 Qg1 19. Qb2 Qe3+ 20. Be2 Qg1+
21. Bf1 Qe3+ 22. Be2 {Game drawn by mutual agreement} 1/2-1/2

[Event "Team 45 45 League T91"]
[Site "Internet Chess Club"]
[Date "2022.02.18"]
[Round "6"]
[White "mmesser"]
[Black "fishhead"]
[Result "0-1"]
[WhiteElo "1685"]
[BlackElo "1760"]
[Opening "Grünfeld: 5.e3"]
[ECO "D94"]
[Time "13:08:08"]
[PlyCount "64"]
[TimeControl "2700+45"]

1. d4 Nf6 2. Nf3 g6 3. c4 Bg7 4. Nc3 d5 5. e3 O-O 6. Be2 c6 7. O-O Nbd7 8. Qc2
dxc4 9. Bxc4 Qc7 10. b3 e5 11. Bb2 Ng4 12. d5 Nb6 13. Rad1 Nxc4 14. bxc4 Re8 15.
h3 Nh6 16. Rd2 Bd7 17. Rfd1 Rad8 18. Qb3 Bc8 19. d6 Qd7 20. a4 f6 21. a5 e4 22.
Nd4 c5 23. Ndb5 a6 24. Nc7 Re5 25. N3d5 Rg5 26. Nf4 Qf7 27. Rd5 Nf5 28. Qc2 Rxd6
29. Rxc5 Nxe3 30. fxe3 Rxd1+ 31. Qxd1 Rxc5 32. Nfd5 Rxc4 {White resigns} 0-1

[Event "Team 45 45 League T91"]
[Site "Internet Chess Club"]
[Date "2022.02.20"]
[Round "6"]
[White "QuieroAprender"]
[Black "pmarcal"]
[Result "0-1"]
[WhiteElo "1602"]
[BlackElo "1699"]
[Opening "Sicilian defense"]
[ECO "B20"]
[Time "20:17:34"]
[PlyCount "42"]
[TimeControl "2700+45"]

1. e4 c5 2. Bc4 Nc6 3. Nf3 d6 4. O-O Nf6 5. d3 g6 6. Nc3 Bg7 7. h3 O-O 8. Rb1 a6
9. a3 b5 10. Ba2 Bd7 11. Bg5 Qa5 12. Nd5 Be6 13. Re1 Rae8 14. g4 h6 15. Bd2 Qd8
16. Nxf6+ exf6 17. c4 Ne5 18. Nxe5 fxe5 19. Qc1 Qh4 20. Kg2 f5 21. f3 fxg4
{White resigns} 0-1

[Event "Team 45 45 League T91"]
[Site "Internet Chess Club"]
[Date "2022.02.17"]
[Round "6"]
[White "Timmah4651"]
[Black "Portola"]
[Result "1-0"]
[WhiteElo "1666"]
[BlackElo "1693"]
[Opening "English: Neo-Catalan"]
[ECO "A13"]
[Time "22:00:56"]
[PlyCount "81"]
[TimeControl "2700+45"]

1. Nf3 d5 2. c4 e6 3. g3 Nf6 4. Bg2 c6 5. O-O Be7 6. Nc3 O-O 7. d4 Nbd7 8. Qc2
b6 9. cxd5 exd5 10. e4 dxe4 11. Nxe4 Bb7 12. Ne5 Nxe5 13. dxe5 Nd5 14. Rd1 Rc8
15. Bf4 Qe8 16. Nd6 Bxd6 17. exd6 Qd7 18. Qa4 Nxf4 19. Qxf4 Rfe8 20. Rd2 Rcd8
21. Rad1 c5 22. Bd5 Bxd5 23. Rxd5 Re2 24. R5d2 Rde8 25. Rxe2 Rxe2 26. Rd2 Re1+
27. Kg2 h5 28. a4 g6 29. h4 Qb7+ 30. Qf3 Qa6 31. Rd3 Re8 32. d7 Rd8 33. Qe4 Kg7
34. Qe5+ Kh7 35. Qd5 Qxa4 36. Qxf7+ Kh6 37. Qe7 Qc6+ 38. Kg1 Qc7 39. Rd6 Qb8 40.
Qg5+ Kh7 41. Rxg6 {Black resigns} 1-0

[Event "Team 45 45 League T91"]
[Site "Internet Chess Club"]
[Date "2022.02.21"]
[Round "6"]
[White "Signofthetimes"]
[Black "Portola"]
[Result "1-0"]
[WhiteElo "1536"]
[BlackElo "1655"]
[Opening "French defense"]
[ECO "C00"]
[Time "08:30:32"]
[PlyCount "49"]
[TimeControl "2700+45"]

1. e4 e6 2. Nf3 d5 3. exd5 exd5 4. d4 Nf6 5. Nc3 Bg4 6. h3 Bh5 7. g4 Bg6 8. Bd3
Bb4 9. Bxg6 hxg6 10. Qe2+ Kf8 11. Bg5 Qd6 12. Bxf6 gxf6 13. O-O-O Bxc3 14. bxc3
Qa3+ 15. Kd2 a6 16. Rde1 Nc6 17. g5 b5 18. gxf6 b4 19. cxb4 Qxb4+ 20. c3 Qd6 21.
Ne5 Nd8 22. Nxg6+ Kg8 23. Qe8+ Kh7 24. Qxh8+ Kxg6 25. Qg7+ {Black resigns} 1-0

[Event "Team 45 45 League T91"]
[Site "Internet Chess Club"]
[Date "2022.02.20"]
[Round "6"]
[White "ivanson"]
[Black "scostanzo212"]
[Result "1/2-1/2"]
[WhiteElo "1593"]
[BlackElo "1563"]
[Opening "Sicilian: Alapin's variation (2.c3)"]
[ECO "B22"]
[Time "15:05:08"]
[PlyCount "71"]
[TimeControl "2700+45"]

1. e4 c5 2. c3 d5 3. exd5 Qxd5 4. d4 Nf6 5. Nf3 Bg4 6. Nbd2 Nc6 7. dxc5 Qxc5 8.
h3 Bh5 9. Be2 e6 10. O-O Be7 11. Nb3 Qd5 12. Be3 O-O 13. Nbd4 Nxd4 14. Nxd4 Bxe2
15. Qxe2 a6 16. Rfd1 Rfd8 17. Nb3 Qc6 18. Rd4 Rxd4 19. Bxd4 b5 20. Rd1 Nd5 21.
Be5 Qb6 22. Bg3 Rc8 23. Rxd5 exd5 24. Qxe7 Qe6 25. Qxe6 fxe6 26. Nd4 Kf7 27. Be5
g5 28. f3 Rc4 29. Kf2 b4 30. Nc2 bxc3 31. Bxc3 h5 32. Ke2 g4 33. Ne3 gxf3+ 34.
Kxf3 Ra4 35. Nc2 Kg6 36. a3 {Game drawn by mutual agreement} 1/2-1/2

[Event "Team 45 45 League T91"]
[Site "Internet Chess Club"]
[Date "2022.02.17"]
[Round "6"]
[White "Kingofknights"]
[Black "rubo"]
[Result "0-1"]
[WhiteElo "1558"]
[BlackElo "1506"]
[Opening "Budapest: Alekhine, Abonyi variation"]
[ECO "A52"]
[Time "16:00:21"]
[PlyCount "48"]
[TimeControl "2700+45"]

1. d4 Nf6 2. c4 e5 3. dxe5 Ng4 4. e4 Nxe5 5. f4 Nec6 6. Be3 Bb4+ 7. Nd2 d6 8.
Nf3 Bg4 9. Be2 Qf6 10. Qc2 Nd7 11. O-O O-O 12. h3 Bxf3 13. Nxf3 Bc5 14. Qd2 Qxf4
15. Bxc5 Qxd2 16. Nxd2 Nxc5 17. Rae1 Rae8 18. Bf3 Re5 19. Re3 f5 20. Rfe1 Rfe8
21. g3 Nd4 22. b4 Nxe4 23. Bxe4 fxe4 24. Rc3 e3 {White resigns} 0-1

[Event "Team 45 45 League T91"]
[Site "Internet Chess Club"]
[Date "2022.02.21"]
[Round "6"]
[White "g8wrb"]
[Black "tightfist"]
[Result "1/2-1/2"]
[WhiteElo "1330"]
[BlackElo "1422"]
[Opening "French: Winawer (Nimzovich) variation"]
[ECO "C15"]
[Time "12:04:37"]
[PlyCount "148"]
[TimeControl "2700+45"]

1. e4 e6 2. d4 d5 3. Nc3 Bb4 4. Bd3 dxe4 5. Bxe4 Nf6 6. Bg5 h6 7. Bxf6 Bxc3+ 8.
bxc3 Qxf6 9. Rb1 c6 10. Nf3 Nd7 11. O-O Nb6 12. Qd3 Rb8 13. Ne5 Bd7 14. Nxd7
Nxd7 15. Qg3 O-O 16. Rfe1 Nb6 17. Re3 Nc4 18. Rf3 Qd8 19. Rd3 Nd6 20. Bf3 Nf5
21. Qf4 Qd6 22. Qe4 Qd5 23. Qxd5 exd5 24. Rdd1 Rfe8 25. Kf1 Kf8 26. Rb2 Nd6 27.
Be2 Ne4 28. Rb3 Re7 29. c4 dxc4 30. Bxc4 Nd6 31. Bd3 Rbe8 32. a4 g6 33. c3 b6
34. Rb2 Ne4 35. Rc2 g5 36. f3 Nd6 37. c4 Re3 38. d5 cxd5 39. cxd5 R3e5 40. Be2
Rc8 41. Rc6 Ke7 42. Ba6 Rxc6 43. dxc6 Rc5 44. Bb5 a6 45. Re1+ Kf6 46. Bxa6 Rxc6
47. Rb1 Ke7 48. Re1+ Kd7 49. Rd1 Kc7 50. Bb5 Nxb5 51. axb5 Rc5 52. Rb1 Rc2 53.
Rb3 h5 54. h3 f6 55. g3 f5 56. Ke1 g4 57. hxg4 hxg4 58. fxg4 fxg4 59. Rb4 Rc5
60. Kd2 Kd6 61. Kd3 Rd5+ 62. Kc4 Rd1 63. Kc3 Kc5 64. Rxg4 Kxb5 65. Rg8 Kc5 66.
g4 b5 67. Rb8 Rg1 68. Rg8 Rg3+ 69. Kb2 b4 70. g5 Kb6 71. g6 Kb7 72. Rg7+ Kb8 73.
Rg8+ Kb7 74. Rg7+ Kb8 {Game drawn by mutual agreement} 1/2-1/2

[Event "Team 45 45 League T91"]
[Site "Internet Chess Club"]
[Date "2022.02.21"]
[Round "6"]
[White "fhunfi"]
[Black "MrAbendroth"]
[Result "1-0"]
[WhiteElo "1714"]
[BlackElo "1692"]
[Opening "Sicilian: closed, 2...Nc6"]
[ECO "B23"]
[Time "10:00:56"]
[PlyCount "81"]
[TimeControl "2700+45"]

1. e4 c5 2. Nc3 Nc6 3. Bb5 e6 4. Bxc6 bxc6 5. f4 d5 6. d3 Be7 7. Nf3 Nh6 8. O-O
O-O 9. Qe1 f6 10. h3 Nf7 11. Kh1 Qc7 12. Qf2 d4 13. Ne2 e5 14. f5 Bb7 15. b3 Nd6
16. g4 c4 17. bxc4 c5 18. Ng3 Ba6 19. g5 Nxc4 20. dxc4 Bxc4 21. Rg1 Qc6 22. gxf6
Bxf6 23. Bd2 Rab8 24. Bc1 d3 25. cxd3 Bxd3 26. Re1 c4 27. Ng5 c3 28. Ne6 Rfe8
29. Nc5 Bc4 30. Nh5 c2 31. Nxf6+ gxf6 32. Bh6 Kh8 33. Ne6 Bxe6 34. fxe6 Qxe6 35.
Qf5 Qxf5 36. exf5 Rg8 37. Kh2 Rbd8 38. Rac1 Rd3 39. Rxc2 Rf3 40. Rg1 Rxf5 41.
Bg7+ {Black resigns} 1-0

[Event "Team 45 45 League T91"]
[Site "Internet Chess Club"]
[Date "2022.02.17"]
[Round "6"]
[White "evan7284"]
[Black "fireball"]
[Result "0-1"]
[WhiteElo "1531"]
[BlackElo "1589"]
[Opening "Old Benoni defense"]
[ECO "A44"]
[Time "14:31:09"]
[PlyCount "70"]
[TimeControl "2700+45"]

1. d4 c5 2. d5 e5 3. c4 d6 4. e4 Nf6 5. Nc3 Be7 6. Bd3 Bg4 7. Be2 Bxe2 8. Ngxe2
O-O 9. O-O Nbd7 10. Ng3 Ne8 11. Qg4 Ndf6 12. Qh3 Qd7 13. Qxd7 Nxd7 14. Nf5 Bd8
15. Nb5 g6 16. Nfxd6 Nxd6 17. Nxd6 a6 18. Bh6 Rb8 19. Bxf8 Kxf8 20. Nxf7 Kxf7
21. f4 exf4 22. Rxf4+ Kg7 23. a4 Bf6 24. Ra2 Ne5 25. b3 Nd3 26. Rf3 Bd4+ 27. Kf1
Ne5 28. Rf4 Be3 29. Rf3 Nxf3 30. gxf3 Rf8 31. Ke2 Bd4 32. Rd2 Rf4 33. Rd1 Kf6
34. Rxd4 cxd4 35. Kd3 Ke5 {White resigns} 0-1

[Event "Team 45 45 League T91"]
[Site "Internet Chess Club"]
[Date "2022.02.20"]
[Round "6"]
[White "ChessG2011"]
[Black "sdcohle"]
[Result "1-0"]
[WhiteElo "1431"]
[BlackElo "1299"]
[Opening "French: advance variation"]
[ECO "C02"]
[Time "21:00:40"]
[PlyCount "125"]
[TimeControl "2700+45"]

1. e4 e6 2. d4 d5 3. e5 c5 4. c3 c4 5. Nf3 h6 6. Be2 Nc6 7. Nbd2 Nge7 8. Nf1 Ng6
9. Ng3 Be7 10. O-O Bd7 11. Rb1 Na5 12. h3 O-O 13. Bd2 Rb8 14. Qc1 Kh7 15. Qc2
Qe8 16. Bd1 b5 17. Kh2 b4 18. cxb4 Bxb4 19. Bxb4 Rxb4 20. Qc3 Qb8 21. a3 Rb5 22.
Ba4 Rb3 23. Bxb3 Nxb3 24. Nd2 Ba4 25. Ne2 Qb6 26. Nxb3 Bxb3 27. Nc1 Rb8 28. Nxb3
Qxb3 29. Qxb3 Rxb3 30. Rfd1 Nf4 31. g3 Nd3 32. Rd2 g5 33. Kg2 Kg6 34. g4 Nf4+
35. Kf1 Rxh3 36. Kg1 Rb3 37. Rc1 Nh3+ 38. Kf1 Nf4 39. Rc3 Rb7 40. f3 Nd3 41.
Rcc2 a5 42. Rh2 a4 43. Rhd2 Rb3 44. Ke2 Nf4+ 45. Kf2 Nd3+ 46. Kg3 Kg7 47. Kh2
Ne1 48. Kg3 Kg6 49. Rc3 Nc2 50. Rdxc2 Rb7 51. f4 gxf4+ 52. Kxf4 Rb6 53. Rg3 f6
54. exf6 Kxf6 55. g5+ hxg5+ 56. Rxg5 Kf7 57. Ke5 Ke7 58. Rf2 Rb3 59. Rg7+ Ke8
60. Kxe6 Re3+ 61. Kd6 Rb3 62. Re7+ Kd8 63. Rf8# {Black checkmated} 1-0

[Event "Team 45 45 League T91"]
[Site "Internet Chess Club"]
[Date "2022.02.17"]
[Round "6"]
[White "OGO"]
[Black "smsxman"]
[Result "0-1"]
[WhiteElo "1215"]
[BlackElo "1421"]
[Opening "Queen's gambit declined"]
[ECO "D06"]
[Time "13:00:23"]
[PlyCount "70"]
[TimeControl "2700+45"]

1. d4 d5 2. c4 b6 3. e3 Bb7 4. Nc3 e6 5. Nf3 Nc6 6. cxd5 exd5 7. Bd3 Nb4 8. Bb5+
Bc6 9. Bxc6+ Nxc6 10. O-O Nge7 11. Bd2 Na5 12. b3 Ng6 13. Rc1 c6 14. e4 Rc8 15.
Re1 Be7 16. exd5 cxd5 17. Qe2 Nc6 18. Qb5 O-O 19. Nxd5 Nb8 20. Rxc8 Qxc8 21.
Nxe7+ Nxe7 22. Rxe7 Nc6 23. Re4 Qb7 24. Rg4 a6 25. Qg5 g6 26. Qh6 f5 27. Rh4 Qd7
28. Ne5 Nxe5 29. dxe5 Re8 30. f4 Qd4+ 31. Kf1 Qd3+ 32. Ke1 Qe4+ 33. Kf1 Qd3+ 34.
Kf2 Qxd2+ 35. Kg3 Qe3# {White checkmated} 0-1

[Event "Team 45 45 League T91"]
[Site "Internet Chess Club"]
[Date "2022.02.16"]
[Round "6"]
[White "dgmesser"]
[Black "elmaestro"]
[Result "0-1"]
[WhiteElo "1550"]
[BlackElo "1677"]
[Opening "Sicilian: Najdorf"]
[ECO "B90"]
[Time "20:39:28"]
[PlyCount "48"]
[TimeControl "2700+45"]

1. e4 c5 2. Nf3 d6 3. d4 cxd4 4. Nxd4 Nf6 5. Nc3 a6 6. Bd2 e6 7. Bd3 Be7 8. O-O
O-O 9. f4 Qc7 10. Qe2 Nc6 11. Nxc6 bxc6 12. e5 Nd7 13. Qe4 g6 14. f5 exf5 15.
Rxf5 Nc5 16. Qd4 Nxd3 17. cxd3 Bxf5 18. e6 fxe6 19. Ne4 Bxe4 20. Qxe4 d5 21.
Qxe6+ Rf7 22. Rf1 Rf8 23. Bh6 Qd6 24. Qxd6 Rxf1# {White checkmated} 0-1